 Dungeon Crawl Stone Soup version 0.20.1-1-g8b1a95d (webtiles) character file.

741 empire the Skirmisher (level 7, -15/61 HPs)
             Began as a Minotaur Fighter on Aug 10, 2017.
             Was a Believer of Nemelex Xobeh.
             Killed by divine providence
             ... invoked by an orc priest
              (16 damage)
             ... on level 4 of the Dungeon.
             The game lasted 00:06:22 (3820 turns).

empire the Skirmisher (Minotaur Fighter)            Turns: 3820, Time: 00:06:24

Health: -15/61     AC:  7    Str: 21    XL:     7   Next: 47%
Magic:  7/8        EV:  9    Int:  5    God:    Nemelex Xobeh [**....]
Gold:   150        SH: 10    Dex: 11    Spells: 6/6 levels left

rFire    . . .     SeeInvis .   a - +0 long sword
rCold    . . .     Gourm    .   c - +0 shield
rNeg     . . .     Faith    .   n - +0 scale mail
rPois    .         Spirit   .   (helmet restricted)
rElec    .         Reflect  .   i - scarf {cloud immunity}
rCorr    .         Harm     .   (no gloves)
MR       .....     Rnd*Rage +   (no boots)
Stlth    ..........             (no amulet)
Regen    0.2/turn               (no ring)
MPRegen  0.2/turn               (no ring)

@: no status effects
A: retaliatory headbutt, horns 2, talons 1, berserk 1
a: Renounce Religion


You were on level 4 of the Dungeon.
You worshipped Nemelex Xobeh.
Nemelex Xobeh was pleased with you.
You were hungry.

You visited 2 branches of the dungeon, and saw 5 of its levels.

You collected 150 gold pieces.

Inventory:

Hand Weapons
 a - a +0 long sword (weapon)
 w - a +0 short sword of protection
Armour
 c - a +0 shield (worn)
 i - a scarf of cloud immunity (worn)
 n - a +0 scale mail (worn)
Wands
 q - a wand of lightning (8/15)
Scrolls
 r - a scroll of enchant weapon {unknown}
 s - 3 scrolls of identify
 u - a scroll of blinking {unknown}
 v - a scroll of recharging {unknown}
 x - a scroll of noise {unknown}
Potions
 b - a potion of cancellation
 d - 4 potions of might
 e - 2 potions of haste
 k - a potion of resistance {unknown}
 m - a potion of curing
 p - a potion of ambrosia {unknown}
Miscellaneous
 l - a plain deck of summoning
 t - a plain deck of escape
 y - a plain deck of summoning {drawn: 2}
 A - an ornate deck of destruction
Comestibles
 f - 3 bread rations
 g - 3 royal jellies
 h - 8 fruits
 o - a meat ration


   Skills:
 + Level 5.6 Fighting
 + Level 4.7 Long Blades
 + Level 5.3 Armour
 + Level 3.4 Dodging
 + Level 5.4 Shields
 + Level 2.8 Invocations


You had 6 spell levels left.
You didn't know any spells.

Dungeon Overview and Level Annotations

Branches:
Dungeon (4/15)             Temple (1/1) D:4

Altars:
Ashenzari
Cheibriados
Dithmenos
Elyvilon
Fedhas
Gozag
Hepliaklqana
Kikubaaqudgha
Nemelex Xobeh
Okawaru
Qazlal
Ru
Trog
Uskayaw
Vehumet
Xom
Yredelemnul
Zin
The Shining One


Innate Abilities, Weirdness & Mutations

You reflexively headbutt those who attack you in melee.
You have a pair of horns on your head.
You have sharp toenails.
You tend to lose your temper in combat.


Message History

Evoke which item? (* to show all) (? for menu, Esc to quit)
Aiming: Lightning Bolt
Press: ? - help, Shift-Dir - straight line, f - orc priest
Aim: an orc priest, wielding an enchanted short sword and wearing a chain mail You hear a mighty clap of thunder!
The bolt of lightning hits the orc priest.
You kill the orc priest!
The bolt of lightning hits the orc priest.
The orc priest is heavily wounded.
The bolt of lightning hits the orc priest.
The orc priest is severely wounded.
This wand has 8 charges left.
The adder bites empire's illusion but does no damage.
Empire's illusion hits the orc priest!
The orc priest dies!
The orc priest casts a cantrip, but nothing happens.
The orc priest calls down the wrath of Beogh upon you.
Beogh smites you!
You die...
Your body glows slightly and disappears.

.....####....###.#...............
....## #....##..........#.......
...## ##.......................
..#### #........#..............
.....#####...#.#.##.......#......
............#....#o..............
............#..###.o.............
............####.))S.............
................@@@..............
................o..####..>.......
....#.............## #.....#...#
....##...........## ##......##..
#...###.........## ##......#.###
##..###........## ##.......###
#...###.......# ##....#...#
#...###.......####.........#
##...##.......##.......W...#


You could see 2 orc priests, an orc wizard, an adder and 2 friendly empire's
illusions.

Vanquished Creatures
  The ghost of ThereIsNoGod the Cudgeler, an amateur GrFi of Trog (D:4)
  3 phantoms (D:4)
  A scorpion (D:4)
  An orc priest (D:4)
  4 worker ants
  A howler monkey skeleton (D:4)
  2 adders
  2 dart slugs
  A leopard gecko (D:1)
  6 orcs (D:4)
  3 giant cockroaches
  6 goblins
  5 hobgoblins
  17 jackals
  7 kobolds
  A ball python (D:3)
  9 bats
  2 frilled lizards
  11 rats
83 creatures vanquished.

Vanquished Creatures (collateral kills)
  An orc priest (D:4)
1 creature vanquished.

Vanquished Creatures (others)
  A jackal (D:1)
  A rat (D:1)
2 creatures vanquished.

Grand Total: 86 creatures vanquished

Notes
Turn   | Place    | Note
-------+----------+-------------------------------------------
     0 | D:1      | empire the Minotaur Fighter began the quest for the Orb.
     0 | D:1      | Reached XP level 1. HP: 19/19 MP: 0/0
   280 | D:1      | Reached XP level 2. HP: 27/27 MP: 1/1
   348 | D:1      | Reached skill level 1 in Dodging
   663 | D:1      | Reached XP level 3. HP: 28/33 MP: 2/2
   914 | D:2      | Noticed a dagger
   914 | D:2      | Noticed a dagger
   919 | D:2      | Found a hide-covered altar of Uskayaw.
  1110 | D:2      | Found a sparkling altar of Nemelex Xobeh.
  1128 | D:2      | Found a blossoming altar of Fedhas.
  1131 | D:2      | Found a hazy altar of Hepliaklqana.
  1134 | D:2      | Became a worshipper of Nemelex Xobeh the Trickster
  1163 | D:2      | Received a gift from Nemelex Xobeh
  1322 | D:2      | Found a faded altar of an unknown god.
  1867 | D:3      | Reached XP level 4. HP: 41/41 MP: 3/3
  2028 | D:3      | Reached * piety under Nemelex Xobeh
  2319 | D:4      | Received a gift from Nemelex Xobeh
  2348 | D:4      | Found a staircase to the Ecumenical Temple.
  2387 | Temple   | Entered the Ecumenical Temple
  2422 | D:4      | Noticed ThereIsNoGod's ghost (amateur GrFi)
  2430 | D:4      | Killed ThereIsNoGod's ghost
  2430 | D:4      | Reached skill level 1 in Invocations
  2430 | D:4      | Reached XP level 5. HP: 20/47 MP: 3/5
  2430 | D:4      | Reached XP level 6. HP: 23/55 MP: 3/6
  2513 | D:4      | Reached skill level 5 in Fighting
  2757 | D:4      | Received a gift from Nemelex Xobeh
  2776 | D:4      | Reached ** piety under Nemelex Xobeh
  2822 | D:3      | Reached skill level 5 in Armour
  3282 | D:4      | Reached skill level 5 in Shields
  3282 | D:4      | Reached XP level 7. HP: 46/61 MP: 7/7
  3617 | D:4      | Received a gift from Nemelex Xobeh
  3815 | D:4      | Gained mutation: Scrolls take you a little longer to read. [potion of mutation]
  3815 | D:4      | Gained mutation: You have sharp toenails. [potion of mutation]
  3815 | D:4      | Gained mutation: You tend to lose your temper in combat. [potion of mutation]
  3815 | D:4      | Lost mutation: Scrolls take you a little longer to read. [potion of mutation]
  3818 | D:4      | HP: 1/61 [orc priest/divine providence (11)]
  3820 | D:4      | Killed from afar by an orc priest

Skill      XL: |  1  2  3  4  5  6 |
---------------+-------------------+-----
Dodging        | 1 2 3 |  3.4
Fighting       | 4 5 |  5.6
Long Blades    | 3 4 |  4.7
Armour         | 4 5 |  5.3
Shields        | 4 5 |  5.4
Invocations    | 1 2 |  2.8

Action                   |  1- 3 |  4- 6 |  7- 9 || total
-------------------------+-------+-------+-------++-------
Melee: Long sword        |   115 |    85 |    33 ||   233
       Headbutt          |    18 |    17 |     7 ||    42
Evoke: Deck              |       |       |     2 ||     2
       Wand              |       |       |     1 ||     1
  Use: Scroll            |     1 |       |     1 ||     2
       Potion            |       |     4 |     1 ||     5
  Eat: Chunk             |     2 |     5 |     2 ||     9
Armor: Scale mail        |    58 |    30 |     7 ||    95
Dodge: Dodged            |    57 |    48 |     6 ||   111
Block: Shield            |    88 |    53 |    21 ||   162
       Rpst.: Long sword |    12 |    14 |     2 ||    28
